 Dungeon Crawl Stone Soup version 0.18.1-47-g9310371 (webtiles) character file.

2866 KrisztiCat the Thaumaturge (level 9, -17/49 HPs)
             Began as a Gargoyle Earth Elementalist on June 18, 2016.
             Was an Initiate of Vehumet.
             Demolished by Malvoorn's ghost (25 damage)
             ... on level 8 of the Dungeon.
             The game lasted 00:45:09 (5832 turns).

KrisztiCat the Thaumaturge (GrEE)                   Turns: 5832, Time: 00:45:10

Health: -17/49     AC: 10    Str: 12    XL:     9   Next: 75%
Magic:  8/30       EV: 12    Int: 19    God:    Vehumet [......]
Gold:   257        SH:  0    Dex: 10    Spells: 2 memorised, 20 levels left

rFire  + . .     SeeInvis .     b - 88 stones
rCold  . . .     Gourm    .     H - +1 leather armour {rF+}
rNeg   + . .     Faith    .     (no shield)
rPois  ∞         Spirit   .     (no helmet)
rElec  +         Dismiss  .     (no cloak)
rCorr  .         Reflect  .     (no gloves)
SustAt .         Harm     .     (no boots)
MR     +....                    (no amulet)
Stlth  ++........               g - ring of protection from magic
                                i - ring of magical power

@: very slightly contaminated, somewhat resistant to hostile enchantments,
unstealthy
A: negative energy resistance 1, electricity resistance, unbreathing,
petrification resistance, rot immunity, AC +5
a: Renounce Religion


You were on level 8 of the Dungeon.
You worshipped Vehumet.
Vehumet was noncommittal.
You were very hungry.

You visited 2 branches of the dungeon, and saw 10 of its levels.

You collected 327 gold pieces.
You spent 70 gold pieces at shops.

Inventory:

Hand Weapons
 t - a +1 whip of electrocution
 I - a +0 mace of protection
 K - the +6 dagger of Teoruhogg {speed, rF- rN+ Str+4, unknown}
   (You found it on level 8 of the Dungeon)

   Attacks with this weapon are significantly faster.
   It affects your strength (+4).
   It makes you vulnerable to fire.
   It protects you from negative energy.
Missiles
 b - 88 stones (in hand)
Armour
 a - a +1 robe
 k - a +0 crystal plate armour
 H - a +1 leather armour of fire resistance (worn)
Jewellery
 f - an uncursed ring of see invisible
 g - a ring of protection from magic (right hand)
 i - a ring of magical power (left hand)
Wands
 h - a wand of slowing (9/48)
 y - a wand of digging (21/24)
 B - a wand of paralysis (17/24)
 D - a wand of confusion (48/48)
Scrolls
 e - a scroll of magic mapping
 l - 5 scrolls of blinking
 n - 2 scrolls of teleportation
 p - 4 scrolls of remove curse
 F - 2 scrolls of enchant armour
 J - a scroll of amnesia
Potions
 j - a potion of agility
 m - a potion of resistance {unknown}
 s - 2 potions of magic {unknown}
 u - a potion of invisibility {unknown}
 v - 3 potions of curing
 w - 2 potions of might {unknown}
 x - a potion of lignification {unknown}
 A - 3 potions of mutation {unknown}
 E - a potion of ambrosia {unknown}
 G - a potion of cancellation {unknown}
Books
 c - a book of Geomancy

   Spells                             Type                      Level
   a - Sandblast                      Earth                        1
   b - Passwall                       Transmutation/Earth          2
   c - Stone Arrow                    Conjuration/Earth            3
   d - Petrify                        Transmutation/Earth          4
   e - Lee's Rapid Deconstruction     Earth                        5
 q - the Collected Works on the Helpful Rocks
   (You found it on level 4 of the Dungeon)

   Spells                             Type                      Level
   a - Repel Missiles                 Charms/Air                   2
   b - Swiftness                      Charms/Air                   2
   c - Stone Arrow                    Conjuration/Earth            3
   d - Leda's Liquefaction            Hexes/Earth                  4
   e - Petrify                        Transmutation/Earth          4
   f - Iskenderun's Battlesphere      Conjuration/Charms           5
 C - a book of Ice

   Spells                             Type                      Level
   a - Ice Form                       Ice/Transmutation            4
   b - Metabolic Englaciation         Hexes/Ice                    5
   c - Ozocubu's Refrigeration        Ice                          6
   d - Bolt of Cold                   Conjuration/Ice              6
   e - Freezing Cloud                 Conjuration/Ice/Air          6
   f - Simulacrum                     Ice/Necromancy               6
Comestibles
 d - 6 bread rations
 o - 4 meat rations
 z - a beef jerky


   Skills:
 + Level 2.8 Fighting
 + Level 3.3 Maces & Flails
 + Level 3.8 Armour
 + Level 2.9 Dodging
 - Level 2.1 Stealth
 * Level 8.3 Spellcasting
   Level 0.7 Transmutations
 + Level 8.2 Earth Magic
 + Level 2.9 Evocations


You had 20 spell levels left.
You knew the following spells:

 Your Spells              Type           Power        Failure   Level  Hunger
a - Sandblast             Erth           #####.       1%          1    None
b - Stone Arrow           Conj/Erth      ###...       8%          3    None


Dungeon Overview and Level Annotations

Branches:
Dungeon (9/15)             Temple (1/1) D:4
   Lair: D:8-11         Orc: D:9-12

Altars:
Ashenzari
Cheibriados
Dithmenos
Gozag
Kikubaaqudgha
Makhleb
Nemelex Xobeh
Okawaru
Pakellas
Qazlal
Ru
Sif Muna
Trog
Vehumet
Xom
Yredelemnul
Zin
The Shining One

Shops:
D:4 (

Annotations:
D:8 Malvoorn's ghost, novice TrMo


Innate Abilities, Weirdness & Mutations

You are resistant to torment.
Your stone body is resilient (AC +5).
You are immune to poison.
You resist negative energy.
You are resistant to electric shocks.
You can survive without breathing.
You are immune to petrification.
You are immune to rotting.


Message History

Malvoorn's ghost barely misses you.
Casting: Stone Arrow
Confirm with . or Enter, or press ? or * to list all spells.
Aiming: Stone Arrow
Press: ? - help, Shift-Dir - straight line, f/p - Malvoorn's ghost
Aim: Malvoorn's ghost (heavily damaged)
You miscast Stone Arrow.
You are very lightly contaminated with residual magic.
Your skin tingles.
Malvoorn's ghost barely misses you.
Casting: Stone Arrow
Confirm with . or Enter, or press ? or * to list all spells.
Aiming: Stone Arrow
Press: ? - help, Shift-Dir - straight line, f/p - Malvoorn's ghost
Aim: Malvoorn's ghost (heavily damaged)
The stone arrow hits Malvoorn's ghost.
Malvoorn's ghost is severely damaged.
Malvoorn's ghost sneers, "Only the weak need weapons."
Malvoorn's ghost hits you!!
Ouch! That really hurt!
You die...

#.......#...#......#...
#.......#...#......#...
#.......#...#......#...
#.......'...#......#...
#.......#...'......#... #
#.......#####......#'##
##.##+###.....#######.....
+.......#.....# #.....
#.......#@....# #.....
#......rW.....# +.....
#.......#.....# #.....
#.......#.....# #.....
###'#####.....# #..... ..
.....## ###+## .. .....# .
.....+ .......#


You could see Malvoorn's ghost and a quokka.

Vanquished Creatures
  Joseph (D:7)
  A slime creature (D:6)
  Eustachio (D:4)
  Menkaure (D:4)
  A sky beast (D:8)
  An ice beast (D:7)
  3 ogres
  2 phantoms
  A centaur (D:6)
  2 giant frogs
  A wyvern skeleton (D:8)
  4 wights (D:7)
  A crimson imp (D:5)
  6 jellies (D:6)
  10 orc wizards
  3 hounds
  2 orc priests
  A giant frog skeleton (D:6)
  An iguana (D:6)
  3 worker ants
  A worker ant zombie (D:6)
  10 adders
  13 oozes
  An adder skeleton (D:6)
  A worm (D:5)
  3 giant geckos
  17 orcs
  9 giant cockroaches
  11 goblins
  6 hobgoblins
  4 jackals (D:1)
  4 kobolds
  4 quokkas
  7 bats
  A giant gecko skeleton (D:7)
  2 giant newts
  A quokka skeleton (D:4)
  5 rats
146 creatures vanquished.

Vanquished Creatures (others)
  6 fungi (D:6)
6 creatures vanquished.

Grand Total: 152 creatures vanquished

Notes
Turn   | Place    | Note
--------------------------------------------------------------
     0 | D:1      | KrisztiCat the Gargoyle Earth Elementalist began the quest for the Orb.
     0 | D:1      | Reached XP level 1. HP: 10/10 MP: 3/3
   553 | D:1      | Reached XP level 2. HP: 12/15 MP: 0/5
   854 | D:1      | Reached XP level 3. HP: 19/19 MP: 7/7
  1990 | D:2      | Reached XP level 4. HP: 20/24 MP: 8/8
  2538 | D:3      | Reached skill level 5 in Earth Magic
  2538 | D:3      | Reached XP level 5. HP: 28/28 MP: 10/10
  2614 | D:5      | Entered Level 5 of the Dungeon
  2654 | D:4      | Found a staircase to the Ecumenical Temple.
  2665 | Temple   | Entered the Ecumenical Temple
  3007 | D:4      | Reached XP level 6. HP: 32/32 MP: 12/12
  3093 | D:4      | Found Tiritute's Antique Weapon Shop.
  3134 | D:4      | Noticed Eustachio
  3150 | D:4      | Killed Eustachio
  3150 | D:4      | Reached skill level 5 in Spellcasting
  3208 | D:4      | Noticed Menkaure
  3225 | D:4      | Killed Menkaure
  3225 | D:4      | Reached XP level 7. HP: 23/36 MP: 15/15
  3349 | D:4      | Identified the Collected Works on the Helpful Rocks
  3369 | D:4      | Bought a glowing whip for 70 gold pieces
  4054 | D:5      | Reached XP level 8. HP: 41/41 MP: 18/18
  4063 | D:5      | Learned a level 3 spell: Stone Arrow
  4069 | D:5      | Found a burning altar of Makhleb.
  4188 | D:5      | Reached skill level 1 in Maces & Flails
  4384 | D:6      | Reached skill level 1 in Armour
  4592 | D:6      | Identified a scroll of acquirement
  4601 | D:6      | Reached skill level 1 in Evocations
  4669 | D:8      | Noticed Malvoorn's ghost (novice TrMo)
  4726 | D:6      | Reached skill level 1 in Fighting
  4852 | D:6      | Noticed a slime creature
  4864 | D:6      | Killed a slime creature
  4864 | D:6      | Reached XP level 9. HP: 37/48 MP: 0/20
  5307 | D:7      | Noticed Joseph
  5329 | D:7      | Killed Joseph
  5583 | D:8      | Found a sparkling altar of Nemelex Xobeh.
  5637 | D:8      | Found a shadowy altar of Dithmenos.
  5664 | D:8      | Found a radiant altar of Vehumet.
  5664 | D:8      | Found a sacrificial altar of Ru.
  5665 | D:8      | Found a basalt altar of Yredelemnul.
  5670 | D:8      | Became a worshipper of Vehumet
  5783 | D:8      | Got a warped dagger
  5828 | D:8      | HP: 2/49 [Malvoorn's ghost (19)]
  5832 | D:8      | Demolished by Malvoorn's ghost

Skill      XL: |  1  2  3  4  5  6  7  8  9 |
---------------+----------------------------+-----
Earth Magic    | 4 5 6 7 8 |  8.2
Spellcasting   | 3 4 5 6 7 8 |  8.3
Maces & Flails | 2 3 |  3.3
Armour         | 2 3 |  3.8
Dodging        | 2 |  2.9
Evocations     | 1 2 |  2.9
Fighting       | 1 2 |  2.8
Stealth        | |  2.1
Transmutations | |  0.7

Action                   |  1- 3 |  4- 6 |  7- 9 || total
-------------------------+-------+-------+-------++-------
Melee: Dagger            |    82 |     1 |       ||    83
       Whip              |       |       |    50 ||    50
 Cast: Sandblast         |    66 |    60 |   138 ||   264
       Stone Arrow       |       |       |    21 ||    21
  Use: Scroll            |       |     9 |     8 ||    17
       Potion            |       |       |     4 ||     4
  Eat: Chunk             |     4 |     4 |     5 ||    13
       Pizza             |       |       |     1 ||     1
Armor: Robe              |    62 |     6 |    17 ||    85
       Leather armour    |       |       |     4 ||     4
Dodge: Dodged            |   100 |    13 |    63 ||   176
